 Dungeon Crawl Stone Soup version 0.25-a0-523-g9afb2ee040 (webtiles) character file.

Game seed: 9852851571051776753, levelgen mode: deterministic

2050 Flugslaktarn the Cleaver (level 9, -1/81 HPs)
             Began as a Deep Dwarf Fighter on Feb 18, 2020.
             Was a Follower of Makhleb.
             Slain by Harold
             ... wielding a +0 dire flail
              (21 damage)
             ... on level 7 of the Dungeon.
             The game lasted 00:02:06 (2255 turns).

Flugslaktarn the Cleaver (Deep Dwarf Fighter)       Turns: 2255, Time: 00:02:06

Health: -1/81      AC:  7    Str: 29    XL:     9   Next: 4%
Magic:  5/5        EV:  8    Int:  8    God:    Makhleb [*.....]
Gold:   150        SH: 11    Dex: 12    Spells: 8/8 levels left

rFire    . . .     SeeInvis .   a - +0 war axe
rCold    . . .     Gourm    .   c - +0 kite shield
rNeg     . . .     Faith    .   b - +0 scale mail
rPois    .         Spirit   .   (no helmet)
rElec    .         Reflect  .   (no cloak)
rCorr    .         Harm     .   (no gloves)
MR       +....                  (no boots)
Stlth    ..........             (no amulet)
HPRegen  0.00/turn              (no ring)
MPRegen  0.09/turn              (no ring)

@: mighty, lethally poisoned (-1 -> -1), marked, non-regenerating
A: damage resistance, heal wounds, sense surroundings 2, no regeneration
a: Heal Wounds, Renounce Religion


You were on level 7 of the Dungeon.
You worshipped Makhleb.
Makhleb was aware of your devotion.
You were not hungry.

You visited 1 branch of the dungeon, and saw 7 of its levels.

You collected 150 gold pieces.

Inventory:

Hand Weapons
 a - a +0 war axe (weapon)
Armour
 b - a +0 scale mail (worn)
 c - a +0 kite shield (worn)
Wands
 n - a wand of clouds (5)
   (You found it on level 4 of the Dungeon)
 y - a wand of enslavement (9)
   (You found it on level 6 of the Dungeon)
Scrolls
 h - 3 scrolls of teleportation {unknown}
 j - 2 scrolls of amnesia {unknown}
 k - 6 scrolls of identify {unknown}
 l - 2 scrolls of blinking {unknown}
 m - 2 scrolls of remove curse {unknown}
 q - 2 scrolls of magic mapping {unknown}
 r - a scroll of enchant armour {unknown}
 s - a scroll of fog {unknown}
 x - a scroll of summoning {unknown}
 A - a scroll of random uselessness {unknown}
Potions
 f - a potion of heal wounds {unknown}
 i - 2 potions of curing {unknown}
 o - a potion of degeneration {unknown}
 p - 2 potions of berserk rage {unknown}
 t - 4 potions of magic {unknown}
 u - a potion of lignification {unknown}
 v - a potion of haste {unknown}
 w - 2 potions of flight {unknown}
 z - a potion of stabbing {unknown}
Comestibles
 e - 6 rations


   Skills:
 + Level 5.2 Fighting
 * Level 8.1 Axes
 + Level 6.3 Armour
 + Level 6.3 Shields
 + Level 1.7 Invocations
 + Level 4.4 Evocations


You had 8 spell levels left.
You didn't know any spells.
Your spell library was empty.

Dungeon Overview and Level Annotations

Branches:
Dungeon (7/15)
 Temple: D:4-7

Altars:
Makhleb

Shops:
D:5 =*

Annotations:
D:7 Harold


Innate Abilities, Weirdness & Mutations

You are resistant to damage.
You can heal yourself by infusing magical energy.
You passively map the area around you.
You do not regenerate.


Message History

You slash Harold!
Harold is severely wounded.
You closely miss the kobold. You barely miss the big kobold.
The big kobold barely misses you. Harold casts a spell at you.
A sentinel's mark forms upon you. The kobold barely misses you.
You hit Harold but do no damage.
Harold is severely wounded.
You slash the big kobold! You completely miss the kobold.
You block the big kobold's attack. Harold gestures at you while chanting.
The mark upon you grows brighter. The kobold hits you but does no damage.
The big kobold hits you.
* * * LOW HITPOINT WARNING * * *
You hit Harold.
Harold is severely wounded.
You closely miss the big kobold. You barely miss the kobold.
Harold hits you with a +0 dire flail!!
You die...

** , , *
##........ ,
##......... ,
#..........
##[......... *
####(.....[....,
, , ,,
.............$.
* ,
***#...)@K......
, #...†@)......
* ,,,
*##..()K...... ,
#........... *
##.......... ,
#.......... ,,
,, #.......... ,
, * ##.........
, * ##.....#..*
** ,, , * * ,,


You could see Harold, a big kobold and a kobold.

Vanquished Creatures
  Sigmund (D:2)
  An ice beast (D:5)
  2 phantoms (D:4)
  7 ogres
  2 centaurs
  2 bullfrogs (D:6)
  3 scorpions
  A howler monkey (D:5)
  A centaur zombie (D:5)
  A bullfrog zombie (D:7)
  2 crimson imps
  A jelly (D:5)
  An orc priest (D:6)
  2 iguanas (D:5)
  5 worker ants
  2 orc wizards
  A worker ant zombie (D:6)
  3 adders
  3 shadow imps
  An adder skeleton (D:5)
  An adder zombie (D:6)
  A worm (D:5)
  3 leopard geckos
  19 orcs
  2 bats
  5 giant cockroaches
  2 hobgoblins (D:2)
  4 jackals (D:7)
  8 kobolds
  A quokka (D:2)
  2 ball pythons
  2 frilled lizards
  3 goblins
  A leopard gecko skeleton (D:5)
  A quokka skeleton (D:4)
  4 rats (D:2)
101 creatures vanquished.

Vanquished Creatures (others)
  An orc wizard (D:7)
1 creature vanquished.

Grand Total: 102 creatures vanquished

Notes
Turn   | Place    | Note
-------+----------+-------------------------------------------
     0 | D:1      | Flugslaktarn the Deep Dwarf Fighter began the quest for the
                  | Orb.
     0 | D:1      | Reached XP level 1. HP: 20/20 MP: 1/1
    76 | D:2      | Noticed Sigmund
    85 | D:2      | Reached XP level 2. HP: 17/27 MP: 1/1
    91 | D:2      | Killed Sigmund
    91 | D:2      | Reached skill level 4 in Axes
    91 | D:2      | Reached XP level 3. HP: 33/34 MP: 2/2
    91 | D:2      | Reached XP level 4. HP: 41/42 MP: 3/3
    91 | D:2      | Reached XP level 5. HP: 48/49 MP: 4/4
   401 | D:4      | Reached XP level 6. HP: 43/56 MP: 5/5
   451 | D:4      | Reached skill level 5 in Axes
   561 | D:4      | Reached XP level 7. HP: 29/64 MP: 6/6
   792 | D:4      | Reached skill level 5 in Armour
   792 | D:4      | Reached skill level 5 in Shields
   835 | D:4      | Reached skill level 1 in Evocations
   895 | D:5      | Entered Level 5 of the Dungeon
   895 | D:5      | Found Qughuske's Elemental Accessories.
   905 | D:5      | Reached skill level 6 in Axes
   989 | D:5      | Found a burning altar of Makhleb.
  1148 | D:5      | Became a worshipper of Makhleb the Destroyer
  1285 | D:5      | Reached XP level 8. HP: 25/73 MP: 7/7
  1345 | D:5      | Found Jeuffe's Jewellery Boutique.
  1654 | D:6      | Reached skill level 7 in Axes
  1711 | D:6      | Reached skill level 5 in Fighting
  1782 | D:6      | Reached * piety under Makhleb
  1851 | D:6      | Reached skill level 1 in Invocations
  1958 | D:6      | Reached skill level 8 in Axes
  2226 | D:7      | Noticed Harold
  2239 | D:7      | Gained mutation: You passively map the area around you.
                  | [Deep Dwarf growth]
  2239 | D:7      | Reached XP level 9. HP: 49/81 MP: 5/5
  2255 | D:7      | Slain by Harold

Levels and vault maps discovered:
D:1:      mrwooster_arrival_arrow, layout_basic, chequers_serial_rivers_micro_a
D:2:      layout_loops_ring, lightli_corner_chamber, uniq_sigmund, uniq_jessica
D:3:      layout_loops_corners, grunt_dithmenos_smoke, uniq_ijyb, uniq_robin
D:4:      layout_basic
D:5:      layout_basic, first_ration, serial_shops, shop, basic_altar,
          minivault_11, nicolae_elemental_shop
D:6:      layout_basic
D:7:      layout_cave_pods, minmay_temple_entry_enclosed_plants, enter_bailey_3,
          uniq_harold

Skill      XL: |  1  2  3  4  5  6  7  8 |
---------------+-------------------------+-----
Fighting       | 3 4 5 |  5.2
Axes           | 4 5 6 8 |  8.1
Armour         | 4 5 6 |  6.3
Shields        | 4 5 6 |  6.3
Evocations     | 2 4 |  4.4
Invocations    | 1 |  1.7

Action                   |  1- 3 |  4- 6 |  7- 9 || total
-------------------------+-------+-------+-------++-------
Melee: War axe           |    25 |   111 |   182 ||   318
 Abil: Heal Wounds       |     2 |       |    22 ||    24
  Use: Potion            |       |       |     1 ||     1
  Eat: Chunk             |       |       |     5 ||     5
Armor: Scale mail        |    21 |    35 |    85 ||   141
Dodge: Dodged            |    22 |    20 |    84 ||   126
Block: Kite shield       |    31 |    57 |   155 ||   243

Table legend:
 A = Non-vault XP
 B = Vault XP
 C = Vault XP percentage of total XP
 D = Non-vault monster count
 E = Vault monster count
 F = Vault count percentage of total count
                 A         B        C        D         E       F
            +---------+---------+-------+---------+---------+-------
      Total |    2691 |     238 |   8.1 |     100 |       1 |   1.0
            +---------+---------+-------+---------+---------+-------
        D:1 |       8 |       0 |   0.0 |       5 |       0 |   0.0
        D:2 |      33 |     238 |  87.8 |      15 |       1 |   6.2
        D:3 |      39 |       0 |   0.0 |       3 |       0 |   0.0
        D:4 |     676 |       0 |   0.0 |      19 |       0 |   0.0
        D:5 |     662 |       0 |   0.0 |      18 |       0 |   0.0
        D:6 |    1043 |       0 |   0.0 |      24 |       0 |   0.0
        D:7 |     230 |       0 |   0.0 |      16 |       0 |   0.0
            +---------+---------+-------+---------+---------+-------
